 Dungeon Sprint DCSS version 0.31-a0-37-g98a128e1d9 (webtiles) character file.

Game seed: 4340452004826699645

1841 sircluck the Grappler (level 8, 0/92 HPs)
             Began as a Troll Berserker on May 15, 2023.
             Was an Elder of Trog.
             Slain by a polar bear (2 damage)
             ... while paralysed by a hornet
             ... in the Dungeon (Sprint II: "The Violet Keep of Menkaure").
             The game lasted 00:02:23 (379 turns).

sircluck the Grappler (Troll Berserker)              Turns: 379, Time: 00:02:25

Health: 0/92       AC:  4    Str: 28    XL:     8   Next: 87%
Magic:  7/7        EV:  1    Int:  3    God:    Trog [****..]
Gold:   190        SH:  0    Dex:  9    Spells: 7/7 levels left

rFire   . .          .
                       - Unarmed
rCold   . . .        (no shield)
rNeg    . . .        a - +0 animal skin
rPois   .            (helmet restricted)
rElec   .            (no cloak)
rCorr   .            (gloves unavailable)
SInv    .            (boots unavailable)
Will    .....        (no amulet)
Stlth   +            j - ring of flight
HPRegen 1.15/turn    (no ring)
MPRegen 0.10/turn

%: no teleportation
@: paralysed, lethally poisoned (0 -> -2), flying, slowed
A: large, unfitting armour, claws 3, regeneration 1, shaggy fur 1, tough skin 1
a: Renounce Religion, Berserk, Trog's Hand, Brothers in Arms


You were in the Dungeon.
You worshipped Trog.
Trog was greatly pleased with you.
You visited 1 branch You collected 972 gold pieces.
You spent 782 gold pieces at shops.

Inventory:

Armour
 a - a +0 animal skin (worn)
Jewellery
 j - a ring of flight (left claw)
Scrolls
 g - a scroll of blinking
 h - a scroll of acquirement
Potions
 b - a potion of curing
 c - a potion of heal wounds
 d - a potion of haste
 e - 2 potions of magic
 f - a potion of berserk rage
 i - a potion of invisibility {unknown}
Miscellaneous
 k - a box of beasts


   Skills:
 + Level 9.0 Fighting
 + Level 9.5 Dodging
 + Level 0.8 Stealth
 + Level 13.6 Unarmed Combat


You had 7 spell levels left.
You didn't know any spells.
Your spell library was empty.

Dungeon Overview and Level Annotations

Branches:
Dungeon (1/1)

Altars:
Cheibriados
Dithmenos
Elyvilon
Fedhas
Gozag
Kikubaaqudgha
Makhleb
Nemelex Xobeh
Okawaru
Sif Muna
Trog
Uskayaw
Vehumet
Yredelemnul
Zin
Jiyva
Lugonu

Shops:
D :[=:[(!=?!?([=:

Annotations:
D exclusion: oklob plant, Roxanne


Innate Abilities, Weirdness & Mutations

You are too large for most types of armour.
You have claws for hands.
Your natural rate of healing is unusually fast.
You are covered in fur. (AC +1)
You have tough skin. (AC +1)


Message History

The polar bear claws you.
You mangle the polar bear!!
You kill the polar bear!
Trog accepts your kill.
Your Fighting skill increases to level 9!
Unknown command.
You scratch the hornet.
The hornet is lightly wounded.
The polar bear bites you. The polar bear barely misses you.
The polar bear claws you but does no damage.
The hornet closely misses you.
You scratch the hornet.
The hornet is moderately wounded.
The hornet closely misses you. The polar bear bites you!
The polar bear barely misses you. x2
You miss the hornet.
The hornet is moderately wounded.
The hornet stings you.
You are poisoned.
You feel yourself slow down.
The polar bear bites you but does no damage.
The polar bear claws you. x2
Your deep troll goes berserk!
Trog will no longer gift you weapons.
You feel very sick.
The hornet stings you but does no damage.
The hornet stings you!
You suddenly lose the ability to move!
The polar bear bites you!
* * * LOW HITPOINT WARNING * * *
The polar bear claws you but does no damage. x2
The hornet stings you!
* * * LOW HITPOINT WARNING * * *
You feel as though you will be slow longer.
* * * LOW HITPOINT WARNING * * *
You feel sick.
The polar bear is engulfed in a cloud of scalding steam.
The polar bear bites you.
* * * LOW HITPOINT WARNING * * *
The polar bear barely misses you. The polar bear claws you.
You die...

#..#..# .# ##.#.#### .#
###†###.##. .# #
.##.##...#.. .# .#
)'.<.†.##+..### .##.# ?
.##†##...#....###...##▓▓
###'###.##......c~~~~~~~
##.#.####~~.§§§hy#+#####
#.###.#~~~§~~~..@#....._
##.#.##~~§§§§§T.~#...._.
~##+##~~~§≈§§§~~~#..._._
~~~~~~~~~§§≈§§§~~#.._._.
+++#+++#~≈§§≈§§≈~#._._._
S§≈S§§§##≈§≈###§≈#_._._.
§§≈≈§≈≈≈##≈≈#.#§≈#._._._
§§§≈≈≈≈§S+§≈#§#§≈#_._._.
≈○○≈○≈≈≈##≈§§§§§≈#######


You could see a polar bear (ally target), a yaktaur, a hornet and a friendly
deep troll (summoned, berserk).

Vanquished Creatures
  A merfolk siren (D)
  2 polar bears (D)
  A blink frog (D)
  2 wyverns (D)
  Menkaure (D)
  4 scorpions (D)
  4 necrophages (D)
15 creatures vanquished.

Vanquished Creatures (others)
  A water moccasin (D)
1 creature vanquished.

Grand Total: 16 creatures vanquished

Notes
Turn   | Place    | Note
-------+----------+-------------------------------------------
     0 | D        | sircluck the Troll Berserker began the quest for the Orb.
     0 | D        | Reached XP level 1. HP: 22/22 MP: 0/0
     1 | D        | Noticed a scorpion
     1 | D        | Noticed a scorpion
     1 | D        | Noticed a scorpion
     1 | D        | Noticed a scorpion
     5 | D        | Noticed a wyvern
     5 | D        | Noticed a wyvern
     9 | D        | Noticed a necrophage
     9 | D        | Noticed a necrophage
     9 | D        | Noticed a necrophage
     9 | D        | Noticed a necrophage
    15 | D        | Killed a necrophage
    16 | D        | Reached skill level 5 in Unarmed Combat
    16 | D        | Reached XP level 2. HP: 32/32 MP: 1/1
    16 | D        | Reached XP level 3. HP: 39/39 MP: 2/2
    20 | D        | Killed a necrophage
    21 | D        | Reached skill level 5 in Fighting
    21 | D        | Reached skill level 5 in Dodging
    21 | D        | Reached skill level 6 in Unarmed Combat
    21 | D        | Reached XP level 4. HP: 50/50 MP: 3/3
    25 | D        | Killed a necrophage
    25 | D        | Reached ** piety under Trog
    26 | D        | Reached skill level 7 in Unarmed Combat
    26 | D        | Reached XP level 5. HP: 58/58 MP: 4/4
    29 | D        | Reached skill level 8 in Unarmed Combat
    33 | D        | Killed a water moccasin
    89 | D        | Reached XP level 6. HP: 68/68 MP: 5/5
    93 | D        | Reached skill level 9 in Unarmed Combat
    99 | D        | Reached *** piety under Trog
   115 | D        | Killed a wyvern
   116 | D        | Reached skill level 10 in Unarmed Combat
   116 | D        | Reached XP level 7. HP: 53/78 MP: 6/6
   124 | D        | Killed a wyvern
   125 | D        | Reached skill level 11 in Unarmed Combat
   153 | D        | Noticed a merfolk siren
   162 | D        | Killed a merfolk siren
   162 | D        | Reached **** piety under Trog
   163 | D        | Reached skill level 12 in Unarmed Combat
   163 | D        | Reached XP level 8. HP: 67/88 MP: 7/7
   211 | D        | Found Bueff's Book Shop.
   211 | D        | Found Ferche's Antique Weapon Boutique.
   211 | D        | Found Myon's Magic Scroll Shop.
   211 | D        | Found Toucab's Jewellery Shop.
   211 | D        | Found Nix Ise's Distillery.
   211 | D        | Found Yrphuli's Distillery.
   212 | D        | Found Ongusm's Weapon Boutique.
   212 | D        | Found Ruiqooly's Antique Armour Shop.
   212 | D        | Found Voimito's Book Boutique.
   212 | D        | Found Qapto's Antique Armour Shop.
   213 | D        | Found Baunoxke's Jewellery Shop.
   213 | D        | Found Tejosec's Antique Armour Boutique.
   213 | D        | Noticed a shining eye
   214 | D        | Found Vupoygal's Jewellery Boutique.
   214 | D        | Found Lontoz's Magic Scroll Shop.
   214 | D        | Noticed a shining eye
   215 | D        | Noticed Menkaure
   215 | D        | Noticed a shining eye
   215 | D        | Noticed an oklob plant
   222 | D        | Killed Menkaure
   228 | D        | Found Mysk's Book Shoppe.
   236 | D        | Bought a scroll of acquirement for 572 gold pieces
   262 | D        | Noticed a blink frog
   274 | D        | Killed a blink frog
   315 | D        | Bought a ring of flight for 210 gold pieces
   341 | D        | Noticed Roxanne
   345 | D        | Found an iron altar of Okawaru.
   346 | D        | Found a sparkling altar of Nemelex Xobeh.
   347 | D        | Found a radiant altar of Vehumet.
   347 | D        | Found an opulent altar of Gozag.
   347 | D        | Found a burning altar of Makhleb.
   347 | D        | Found a blossoming altar of Fedhas.
   347 | D        | Found a white marble altar of Elyvilon.
   354 | D        | Found a hide-covered altar of Uskayaw.
   354 | D        | Found a corrupted altar of Lugonu.
   354 | D        | Found a shadowy altar of Dithmenos.
   355 | D        | Found a glowing silver altar of Zin.
   355 | D        | Found a bloodstained altar of Trog.
   355 | D        | Found an ancient bone altar of Kikubaaqudgha.
   355 | D        | Found a snail-covered altar of Cheibriados.
   361 | D        | Noticed a polar bear
   361 | D        | Noticed a polar bear
   362 | D        | Found a viscous altar of Jiyva.
   362 | D        | Found a shimmering blue altar of Sif Muna.
   362 | D        | Found a basalt altar of Yredelemnul.
   363 | D        | Noticed a polar bear
   363 | D        | Noticed a yaktaur
   367 | D        | Noticed a hornet
   368 | D        | Killed a polar bear
   368 | D        | Reached ***** piety under Trog
   369 | D        | Reached skill level 13 in Unarmed Combat
   374 | D        | Killed a polar bear
   378 | D        | Paralysed by a hornet for 2 turns
   378 | D        | HP: 4/92 [hornet (8)]
   379 | D        | Slain by a polar bear

Illustrated notes

Levels and vault maps discovered:
D:        the_violet_keep_of_menkaure [sprint2_stairs_cluster_1,
          sprint2_shoproom, sprint2_temple, sprint2_basic_supplies,
          sprint2_obstacle_5, sprint2_obstacle_6, sprint2_obstacle_3,
          sprint2_obstacle_1, sprint2_obstacle_2, sprint2_timed_cluster_1,
          sprint2_smallroom_cluster_1, sprint2_smallroom_final_cluster_1,
          sprint2_transparent_cluster_1, sprint2_second_timed_cluster_1,
          sprint2_sniper_area_1, sprint2_heavy_combat_area_1,
          sprint2_mutation_trap_area_1, sprint2_forest_area_1,
          sprint2_light_combat_area_1, sprint2_behind_water_1,
          sprint2_near_end_vault_1]

Skill      XL: |  1  2  3  4  5  6  7  8 |
---------------+-------------------------+-----
Fighting       | 4 5 6 7 8 9 |  9.0
Dodging        | 4 5 6 7 8 9 |  9.5
Unarmed Combat | 5 6 7 8 10 12 13 | 13.6
Stealth        | |  0.8

Action                     |  1- 3 |  4- 6 |  7- 9 || total
---------------------------+-------+-------+-------++-------
  Melee: Unarmed           |     9 |    33 |    31 ||    73
         Punch             |       |     1 |       ||     1
 Invoke: Berserk           |     1 |       |     1 ||     2
         Brothers in Arms  |       |       |     1 ||     1
 Armour: Animal skin       |     1 |     3 |    15 ||    19
  Dodge: Dodged            |       |    12 |    30 ||    42

Table legend: (Time is in decaauts)
 A = Elapsed time spent in this place.
 B = Non-inter-level travel time spent in this place.
 C = Inter-level travel time spent in this place.
 D = Time resting spent in this place.
 E = Time spent auto-exploring this place.
 F = Levels seen in this place.
 G = Mean time per level.
                   A        B        C        D        E       F      G
               +--------+--------+--------+--------+--------+-----+--------+
         Total |    388 |    354 |     34 |     97 |     75 |   1 |  388.0 |
       Dungeon |    388 |    354 |     34 |     97 |     75 |   1 |  388.0 |
               +--------+--------+--------+--------+--------+-----+--------+

Top non-repeatable levels by time:
       D: 388 daAuts
